 Dungeon Crawl Stone Soup version 0.19.1 (webtiles) character file.

308 Ponchio the Thaumaturge (level 6, -1/32 HPs)
             Began as a Deep Elf Fire Elementalist on Nov 28, 2016.
             Slain by a phantom (7 damage)
             ... on level 4 of the Dungeon.
             The game lasted 00:16:52 (3466 turns).

Ponchio the Thaumaturge (DEFE)                      Turns: 3466, Time: 00:16:52

Health: -1/32      AC:  2    Str: 10    XL:     6   Next: 16%
Magic:  0/19       EV: 13    Int: 26    God:
Gold:   191        SH:  0    Dex: 15    Spells: 2 memorised, 19 levels left

rFire  + . .     SeeInvis .     w - +0 dagger (drain)
rCold  . . .     Gourm    .     j - +0 robe {rF+}
rNeg   . . .     Faith    .     (no shield)
rPois  .         Spirit   +     (no helmet)
rElec  .         Reflect  .     (no cloak)
rCorr  .         Harm     .     (no gloves)
MR     +....                    (no boots)
Stlth  ++........               s - amulet of guardian spirit
                                q - ring of protection from magic
                                m - +4 ring of intelligence

@: mighty, flying
A: no striking features
a: no special abilities


You were on level 4 of the Dungeon.
You were very hungry.

You visited 1 branch of the dungeon, and saw 4 of its levels.

You collected 191 gold pieces.

Inventory:

Hand Weapons
 d - a +0 dagger
 w - a +0 dagger of draining (weapon)
Armour
 a - a +0 robe
 j - a +0 robe of fire resistance (worn)
Jewellery
 m - a +4 ring of intelligence (left hand)
 q - a ring of protection from magic (right hand)
 s - an amulet of guardian spirit (around neck)
 t - an uncursed ring of protection from fire {unknown}
Scrolls
 h - a scroll of blinking {unknown}
 i - a scroll of noise {unknown}
 k - 2 scrolls of amnesia {unknown}
 l - a scroll of random uselessness {unknown}
 u - a scroll of magic mapping {unknown}
Potions
 e - a potion of magic
 n - a potion of agility {unknown}
 v - a potion of resistance {unknown}
Books
 b - a book of Flames

   Spells                             Type                      Level
   a - Flame Tongue                   Conjuration/Fire             1
   b - Throw Flame                    Conjuration/Fire             2
   c - Conjure Flame                  Conjuration/Fire             3
   d - Inner Flame                    Hexes/Fire                   3
   e - Sticky Flame                   Conjuration/Fire             4
   f - Fireball                       Conjuration/Fire             5
Comestibles
 c - a slice of pizza
 o - a beef jerky
 p - 2 bread rations
 r - a royal jelly


   Skills:
 - Level 2.5 Dodging
 - Level 2.4 Stealth
 + Level 8.5 Spellcasting
 - Level 1.1 Conjurations
 - Level 3.7 Fire Magic


You had 19 spell levels left.
You knew the following spells:

 Your Spells              Type           Power        Failure   Level  Hunger
a - Flame Tongue          Conj/Fire      ###..        1%          1    None
b - Throw Flame           Conj/Fire      ###...       2%          2    None


Dungeon Overview and Level Annotations

Branches:
Dungeon (4/15)
 Temple: D:4-7

Altars:
Ru


Message History

The goblin moves out of view.
The phantom hits you!
The phantom blinks!
You barely miss the phantom.
The phantom is heavily damaged.
Casting: Flame Tongue
Confirm with . or Enter, or press ? or * to list all spells.
Aiming: Flame Tongue
Press: ? - help, Shift-Dir - straight line, f/p - phantom
Aim: a phantom (heavily damaged)
The flame tongue hits the phantom.
The phantom is heavily damaged.
The phantom hits you!
* * * LOW HITPOINT WARNING * * *
It was a potion of might.
You feel very mighty all of a sudden. The phantom hits you.
* * * LOW HITPOINT WARNING * * *
It was a potion of flight.
You feel very buoyant.
You fly up into the air.
The phantom hits you!
You die...

.........##..####
#.##..(...<.#...
#...(......##.#
###########..#
##.#...#
#.#.....#
#.#.≈≈≈.#
#.#≈...≈#
#@#≈._.≈#
#W#≈...≈# #
#.#.≈≈≈.#.#
#.#.....#.#
##.#...#..
##.#.#.# ##.#.#
##..#
#####.W#####


You could see a phantom.

Vanquished Creatures
  A sky beast (D:3)
  Natasha (thrice) (D:2)
  Robin (D:4)
  5 adders
  2 worms
  A dart slug (D:2)
  4 leopard geckos
  6 orcs (D:3)
  5 bats
  4 giant cockroaches
  13 goblins
  9 hobgoblins
  3 jackals (D:1)
  A quokka (D:2)
  6 frilled lizards
  9 kobolds
73 creatures vanquished.

Notes
Turn   | Place    | Note
-------+----------+-------------------------------------------
     0 | D:1      | Ponchio the Deep Elf Fire Elementalist began the quest for the Orb.
     0 | D:1      | Reached XP level 1. HP: 10/10 MP: 6/6
   281 | D:1      | Reached XP level 2. HP: 15/15 MP: 1/8
  1061 | D:1      | Reached skill level 4 in Spellcasting
  1179 | D:2      | Noticed Natasha
  1188 | D:2      | Killed Natasha
  1188 | D:2      | Reached XP level 3. HP: 19/19 MP: 8/11
  1192 | D:2      | Learned a level 2 spell: Throw Flame
  1234 | D:2      | Reached skill level 5 in Spellcasting
  1429 | D:2      | Reached XP level 4. HP: 21/24 MP: 9/13
  1593 | D:2      | Noticed Natasha
  1610 | D:2      | Killed Natasha
  1610 | D:2      | Reached skill level 6 in Spellcasting
  1979 | D:2      | Noticed Natasha
  2113 | D:2      | Killed Natasha
  2167 | D:2      | Reached XP level 5. HP: 27/28 MP: 10/16
  2421 | D:3      | Reached skill level 7 in Spellcasting
  2534 | D:3      | Noticed a sky beast
  2562 | D:3      | Killed a sky beast
  2562 | D:3      | Reached skill level 8 in Spellcasting
  2763 | D:3      | Reached XP level 6. HP: 32/32 MP: 15/19
  3381 | D:4      | Found a sacrificial altar of Ru.
  3415 | D:4      | Noticed Robin
  3423 | D:4      | Killed Robin
  3466 | D:4      | Slain by a phantom

Skill      XL: |  1  2  3  4  5 |
---------------+----------------+-----
Spellcasting   | 4 5 6 8 |  8.5
Dodging        | |  2.5
Stealth        | |  2.4
Conjurations   | |  1.1
Fire Magic     | |  3.7

Action                   |  1- 3 |  4- 6 || total
-------------------------+-------+-------++-------
Melee: Dagger            |     2 |     7 ||     9
 Cast: Flame Tongue      |    52 |    86 ||   138
       Throw Flame       |       |     5 ||     5
  Use: Potion            |       |     4 ||     4
 Stab: Sleeping          |     1 |       ||     1
  Eat: Chunk             |     1 |     1 ||     2
       Bread ration      |       |     1 ||     1
Armor: Robe              |     3 |     6 ||     9
Dodge: Dodged            |    11 |    16 ||    27
